 Dungeon Crawl Stone Soup version 0.27.1-2-g3b301248ec (webtiles) character file.

Game seed: 13547312774096019355

343 styxcanada the Covert (level 6, 0/30 HPs)
             Began as a Spriggan Brigand on Sept 24, 2021.
             Slain by Grinder (5 damage)
             ... while paralysed by Grinder
             ... on level 3 of the Dungeon.
             The game lasted 00:11:20 (2792 turns).

styxcanada the Covert (Spriggan Brigand)            Turns: 2792, Time: 00:11:20

Health: 0/30       AC:  3    Str:  7    XL:     6   Next: 31%
Magic:  7/7        EV:  4    Int: 12    God:
Gold:   104        SH:  0    Dex: 25    Spells: 5/5 levels left

rFire    . . .     SeeInvis +   a - +2 dagger
rCold    . . .     Faith    .   (shield restricted)
rNeg     . . .     Spirit   .   b - +0 robe
rPois    .         Reflect  .   (helmet restricted)
rElec    .         Harm     .   c - +0 cloak
rCorr    .         Rampage  .   (gloves unavailable)
Will     +....                  (boots unavailable)
Stlth    +++++.....             (no amulet)
HPRegen  0.10/turn              k - +6 ring of dexterity
MPRegen  0.10/turn              (no ring)

@: paralysed, on berserk cooldown, slowed, very quick
A: very small, no large weapons, unfitting armour, see invisible, speed 3
a: no special abilities


You were on level 3 of the Dungeon.
You visited 1 branch of the dungeon, and saw 3 of its levels.

You collected 104 gold pieces.

Inventory:

Hand Weapons
 a - a +2 dagger (weapon)
 f - a +0 hunting sling
Missiles
 d - a poisoned dart
 e - a curare-tipped dart (quivered)
 i - 25 sling bullets
 m - 43 stones
Armour
 b - a +0 robe (worn)
 c - a +0 cloak (worn)
Jewellery
 k - a +6 ring of dexterity (left hand)
Scrolls
 h - a scroll of enchant weapon {unknown}
Potions
 j - a potion of flight
 n - a potion of curing {unknown}


   Skills:
 * Level 2.2 Fighting
 + Level 3.1 Short Blades
 + Level 2.2 Throwing
 * Level 3.2 Dodging
 * Level 9.9 Stealth


You had 5 spell levels left.
You didn't know any spells.
Your spell library was empty.

Dungeon Overview and Level Annotations

Branches:
Dungeon (3/15)

Altars:

Annotations:
D:3 Grinder, Robin


Innate Abilities, Weirdness & Mutations

You are very small and have problems with some larger weapons.
You are too small for most types of armour.
You have supernaturally acute eyesight. (SInv)
You cover ground extremely quickly. (Speed+++)


Message History

The goblin is heavily wounded.
You barely miss the goblin.
The goblin is heavily wounded.
The goblin closely misses you. The hobgoblin hits you.
You puncture the goblin!
You kill the goblin!
You puncture the hobgoblin!
You kill the hobgoblin!
You puncture the endoplasm!
You kill the endoplasm!
You see here a hobgoblin corpse.
You closely miss the rat. The rat barely misses you.
You puncture the rat!
You kill the rat!
You feel a strong urge to attack something.
You see here a hobgoblin corpse.
You feel your anger nearly subside.
You are no longer berserk.
You are exhausted.
You feel yourself slow down.
Things that are here:
a +0 dagger; a +0 chain mail You start resting.
Grinder is nearby!
Grinder blinks!
You see here a hobgoblin corpse.
Grinder blinks!
Grinder barely misses you. Grinder gestures at you.
You suddenly lose the ability to move!
Grinder hits you but does no damage. Grinder barely misses you.
Grinder hits you!
You writhe in agony.
Grinder barely misses you. Grinder gestures at you.
Pain shoots through your body!
* * * LOW HITPOINT WARNING * * *
Grinder hits you.
* * * LOW HITPOINT WARNING * * *
You writhe in agony.
You die...

#)# ##(.# #.#
#.(## #†# ##§##
#.# #..# #.#####
#.## ##.....##
#.# ##.......##
##.#
#..5......####..#
#..@......##...##
#......)>.#..###
#......<.).(##
#..........##
##.......###
#.........#
#.........#
#.......?.#
#.........#


You could see Grinder.

Vanquished Creatures
  Sigmund (D:2)
  A scorpion (D:2)
  An orc wizard (D:2)
  4 adders (D:2)
  A worm (D:2)
  2 orcs (D:3)
  5 ball pythons
  8 bats
  4 endoplasms
  4 giant cockroaches
  11 goblins
  4 hobgoblins
  4 jackals (D:2)
  A quokka (D:1)
  3 frilled lizards
  5 kobolds
  7 rats
66 creatures vanquished.

Notes
Turn   | Place    | Note
-------+----------+-------------------------------------------
     0 | D:1      | styxcanada the Spriggan Brigand began the quest for the
                  | Orb.
     0 | D:1      | Reached XP level 1. HP: 10/10 MP: 2/2
    49 | D:1      | Reached skill level 6 in Stealth
    74 | D:1      | Found a faded altar of an unknown god.
   178 | D:1      | Reached XP level 2. HP: 14/14 MP: 3/3
  1209 | D:2      | Reached skill level 7 in Stealth
  1209 | D:2      | Reached XP level 3. HP: 18/18 MP: 4/4
  1232 | D:2      | Noticed Sigmund
  1240 | D:2      | Killed Sigmund
  1241 | D:2      | Reached skill level 9 in Stealth
  1241 | D:2      | Reached XP level 4. HP: 23/23 MP: 5/5
  1241 | D:2      | Reached XP level 5. HP: 26/26 MP: 6/6
  1781 | D:2      | Reached XP level 6. HP: 30/30 MP: 7/7
  2453 | D:3      | Noticed Robin
  2675 | D:3      | Identified a scroll of acquirement
  2675 | D:3      | Acquired a +6 ring of dexterity
  2696 | D:3      | Noticed Grinder
  2785 | D:3      | Paralysed by Grinder for 7 turns
  2792 | D:3      | Slain by Grinder

Illustrated notes

Levels and vault maps discovered:
D:1:      dpeg_arrival_short_road, layout_loops_ring,
          hellmonk_ecumenical_altar_heavens_door, minmay_tetromino_i4
D:2:      layout_loops_corners, uniq_sigmund
D:3:      layout_rooms, gammafunk_temple_overflow_pools, feat_on_display,
          uniq_grinder, uniq_robin

Skill      XL: |  1  2  3  4  5 |
---------------+----------------+-----
Stealth        | 6 7 9 |  9.9
Fighting       | 2 |  2.2
Dodging        | 2 3 |  3.2
Short Blades   | 3 |  3.1
Throwing       | |  2.2

Action                   |  1- 3 |  4- 6 || total
-------------------------+-------+-------++-------
Melee: Dagger            |    48 |   108 ||   156
Throw: Dart              |     1 |    40 ||    41
       Stone             |       |     2 ||     2
  Use: Scroll            |       |     4 ||     4
       Potion            |       |     2 ||     2
 Stab: Sleeping          |    15 |    11 ||    26
Armor: Robe              |     4 |    17 ||    21
Dodge: Dodged            |    31 |    82 ||   113
